 Dungeon Crawl Stone Soup version 0.18.1-50-g88ac8fd (webtiles) character file.

11538 Gargoyl the Protected (level 11, -1/80 HPs)
             Began as a Demonspawn Abyssal Knight on Sept 15, 2016.
             Was a High Priest of Lugonu.
             Slain by a freezing wraith (7 damage)
             ... in an ice cave.
             The game lasted 00:26:27 (9559 turns).

Gargoyl the Protected (Demonspawn Abyssal Knight)   Turns: 9559, Time: 00:26:28

Health: -1/80      AC: 24    Str: 20    XL:     11   Next: 50%
Magic:  14/14      EV:  9    Int: 14    God:    Lugonu [*****.]
Gold:   276        SH:  0    Dex: 13    Spells: 0 memorised, 10 levels left

rFire  . . .     SeeInvis .     I - +2 war axe
rCold  + + .     Gourm    .     t - +0 plate armour
rNeg   . . .     Faith    .     C - +1 buckler {AC+3}
rPois  .         Spirit   .     n - +0 helmet
rElec  .         Dismiss  .     y - +1 cloak
rCorr  .         Reflect  .     H - +1 pair of gloves
SustAt .         Harm     .     v - +2 pair of boots
MR     .....     Rnd*Tele +     (no amulet)
Stlth  ..........               K - ring of protection from cold
                                z - ring of stealth

@: confused, mighty, slowed, very slow, not resistant to hostile enchantments,
extremely unstealthy
A: hooves 1, rugged brown scales 2, blurry vision 1, cold resistance 1, deformed
body, frail 1, powered by death 1, spiny 2, teleportitis 1, wild magic 1
a: Depart the Abyss, Bend Space, Banish, Corrupt, Enter the Abyss, Renounce
Religion


You were in an ice cave.
You worshipped Lugonu.
Lugonu was extremely pleased with you.
You were very hungry.

You visited 2 branches of the dungeon, and saw 11 of its levels.
You visited the Abyss 1 time.
You also visited: Ice Cave.

You collected 523 gold pieces.
You spent 247 gold pieces at shops.

Inventory:

Hand Weapons
 m - a +3 spear
 I - a +2 war axe (weapon)
 L - a +0 war axe
Missiles
 f - a javelin of returning (quivered)
Armour
 n - a +0 helmet (worn)
 t - a +0 plate armour (worn)
 v - a +2 pair of boots (worn)
 y - a +1 cloak (worn)
 C - a +1 buckler of protection (worn)
 H - a +1 pair of gloves (worn)
Jewellery
 z - a ring of stealth (left hand)
 K - a ring of protection from cold (right hand)
Wands
 i - a wand of iceblast (7/15)
 x - a wand of slowing (29/48)
 D - a wand of slowing (15/48)
 F - a wand of iceblast (6/15)
 G - a wand of random effects (24/48)
 M - a wand of polymorph (14/24)
 N - a wand of lightning (7/15)
Scrolls
 a - a scroll of blinking
 d - 4 scrolls of remove curse
 g - 12 scrolls of teleportation
 j - 2 scrolls of identify
 o - 3 scrolls of recharging
 E - 4 scrolls of magic mapping
 J - a scroll of amnesia
Potions
 b - 3 potions of brilliance
 q - a potion of agility
 u - 2 potions of resistance
Books
 l - a book of Frost

   Spells                             Type                      Level
   a - Freeze                         Ice                          1
   b - Throw Frost                    Conjuration/Ice              2
   c - Ozocubu's Armour               Charms/Ice                   3
   d - Throw Icicle                   Conjuration/Ice              4
   e - Summon Ice Beast               Ice/Summoning                4
 s - a book of Spatial Translocations

   Spells                             Type                      Level
   a - Apportation                    Translocation                1
   b - Blink                          Translocation                2
   c - Shroud of Golubria             Charms/Translocation         2
   d - Portal Projectile              Translocation                3
   e - Teleport Other                 Translocation                3
   f - Passage of Golubria            Translocation                4
Comestibles
 c - 5 bread rations
 h - a royal jelly
 r - 8 slices of pizza
 A - 10 beef jerkies
 O - 14 fruits
 P - 3 meat rations


   Skills:
 + Level 7.7 Fighting
 + Level 7.5(7.6) Axes
 + Level 0.6(4.7) Polearms
 + Level 3.6 Throwing
 * Level 10.6 Armour
 + Level 5.3 Dodging
 + Level 2.3 Stealth
 + Level 4.5 Shields
 + Level 4.4 Invocations


You had 10 spell levels left.
You didn't know any spells.

Dungeon Overview and Level Annotations

Branches:
Dungeon (10/15)            Temple (0/1) D:7            Lair (1/8) D:10
    Orc (0/2) D:10

Altars:
Makhleb
Nemelex Xobeh
Pakellas
Qazlal
Ru
Sif Muna
Vehumet
Yredelemnul
Zin

Shops:
D:4 *   D:5 [

Annotations:
IceCv baghtru's ghost, journeyman HOFi


Innate Abilities, Weirdness & Mutations

You have large cloven feet.
You are mostly covered in rugged brown scales (AC +2, +5% HP).
You regenerate a little health from kills.
You are mostly covered in sharp spines.
Scrolls take you a little longer to read.
Your flesh is cold resistant.
Armour fits poorly on your strangely shaped body.
You are frail (-10% HP).
You are occasionally teleported next to monsters.
Your spells are a little harder to cast, but a little more powerful.


Message History

You're too confused to move!
Baghtru's ghost is struck by your spines.
Baghtru's ghost barely misses you.
The freezing wraith hits you but does no damage.
The freezing wraith hits you. The freezing wraith drains your vigour!
You feel as though you will be slow longer.
The ice beast is struck by your spines. The ice beast closely misses you.
You bump into the ice covered rock wall.
The freezing wraith hits you! The freezing wraith freezes you. You resist.
The freezing wraith hits you!
* * * LOW HITPOINT WARNING * * *
Baghtru's ghost is struck by your spines.
Baghtru's ghost hits you but does no damage.
The ice beast barely misses you. Baghtru's ghost hits you!
* * * LOW HITPOINT WARNING * * *
The freezing wraith is struck by your spines.
The freezing wraith hits you!
* * * LOW HITPOINT WARNING * * *
The freezing wraith freezes you! You resist.
You die...

#...##
##...............##
##...###
####.............#
###...###
##............#
###...###
##..........##
##....###
##.#....#.##
###....##
####..#### ###...##
##..# ###W.# ##..##
#@.## #..##
......YW## #...##
........# ##...##
........# ##...#
........# ##...#
.......## #...##
##...## ##...##
##.. ##.....##
#...∩...#


You could see a freezing wraith, an ice beast and baghtru's ghost.

Vanquished Creatures
  A hydra (D:8)
  A hill giant (D:10)
  A gargoyle (D:10)
  2 spiny frogs (D:10)
  6 freezing wraiths (IceCv)
  Prince Ribbit (D:5)
  A blink frog (D:10)
  7 yaks
  A hungry ghost (D:9)
  2 hippogriffs
  Menkaure (D:4)
  2 death yak simulacra (IceCv)
  3 orc warriors
  A swamp drake (D:10)
  4 black bears
  4 sky beasts
  7 ice beasts
  A necrophage (D:8)
  9 ogres
  3 centaurs
  A wasp (D:10)
  A phantom (D:9)
  The ghost of drd the Sneak, an amateur OpAs (D:3)
  A crocodile (Lair:1)
  3 big kobolds (D:8)
  5 giant frogs
  A gnoll sergeant (D:6)
  2 scorpions
  5 wights (D:8)
  2 howler monkeys
  3 crimson imps
  2 giant frog zombies
  A centaur zombie (D:10)
  A quasit (D:7)
  2 orc priests
  3 hounds
  3 jellies
  9 orc wizards
  A centaur skeleton (D:10)
  A gnoll shaman (D:5)
  Crazy Yiuf (D:6)
  2 giant frog skeletons
  5 iguanas
  7 worker ants
  2 polar bear simulacra (IceCv)
  2 sheep (D:8)
  A hound zombie (D:5)
  A howler monkey skeleton (D:10)
  11 gnolls
  7 adders
  2 shadow imps
  5 white imps (IceCv)
  An adder skeleton (D:7)
  An adder zombie (D:7)
  2 worms
  5 dart slugs
  3 giant geckos
  42 orcs
  3 ball pythons (D:3)
  2 giant cockroaches
  3 goblins
  9 hobgoblins
  12 jackals
  3 quokkas
  9 bats
  11 giant newts
  9 kobolds
  5 rats
272 creatures vanquished.

Vanquished Creatures (others)
  An orc warrior (D:10)
  An orc wizard (D:10)
2 creatures vanquished.

Grand Total: 274 creatures vanquished

Notes
Turn   | Place    | Note
--------------------------------------------------------------
     0 | Abyss:1  | Gargoyl the Demonspawn Abyssal Knight began the quest for the Orb.
     0 | Abyss:1  | Reached XP level 1. HP: 18/18 MP: 2/2
    23 | Abyss:2  | Noticed a hellwing
    60 | Abyss:2  | Noticed a ynoxinul
    62 | D:1      | Escaped the Abyss
   120 | D:1      | Gained mutation: You are partially covered in sharp spines. [demonic ancestry]
   120 | D:1      | Reached XP level 2. HP: 16/24 MP: 3/3
   122 | D:1      | Reached skill level 1 in Dodging
   264 | D:1      | Reached * piety under Lugonu
   361 | D:1      | Reached skill level 2 in Armour
   361 | D:1      | Gained mutation: You are partially covered in rugged brown scales (AC +1, +3% HP). [demonic ancestry]
   361 | D:1      | Reached XP level 3. HP: 19/29 MP: 4/4
  1246 | D:2      | Reached ** piety under Lugonu
  1360 | D:3      | Reached XP level 4. HP: 32/38 MP: 6/6
  1368 | D:3      | Found a burning altar of Makhleb.
  1370 | D:3      | Noticed a balrug
  1371 | D:3      | Found a glowing silver altar of Zin.
  1372 | D:3      | Noticed an angel
  1616 | D:3      | Noticed drd's ghost (amateur OpAs)
  1625 | D:3      | Killed drd's ghost
  1625 | D:3      | Reached skill level 3 in Armour
  1625 | D:3      | Gained mutation: You have large cloven feet. [demonic ancestry]
  1625 | D:3      | Reached XP level 5. HP: 24/43 MP: 7/7
  1954 | D:3      | Reached skill level 1 in Throwing
  2405 | D:4      | Found Reqyuq's General Store.
  2424 | D:4      | Bought a potion of heal wounds for 60 gold pieces
  2424 | D:4      | Bought a potion of might for 48 gold pieces
  2424 | D:4      | Bought a scroll of teleportation for 36 gold pieces
  2700 | D:4      | Noticed Menkaure
  2716 | D:4      | Killed Menkaure
  2716 | D:4      | Gained mutation: You are mostly covered in sharp spines. [demonic ancestry]
  2716 | D:4      | Reached XP level 6. HP: 48/49 MP: 8/8
  2835 | D:4      | Reached skill level 1 in Stealth
  2860 | D:4      | Reached skill level 4 in Armour
  3127 | D:4      | Reached *** piety under Lugonu
  3127 | D:4      | Gained mutation: You are mostly covered in rugged brown scales (AC +2, +5% HP). [demonic ancestry]
  3127 | D:4      | Reached XP level 7. HP: 44/56 MP: 9/9
  3419 | D:5      | Entered Level 5 of the Dungeon
  3452 | D:5      | Noticed Prince Ribbit
  3463 | D:5      | Killed Prince Ribbit
  3680 | D:5      | Reached XP level 8. HP: 55/64 MP: 10/10
  3899 | D:5      | Found Weizopp's Antique Armour Shoppe.
  3907 | D:5      | Bought a runed buckler for 103 gold pieces
  4160 | D:5      | Reached skill level 5 in Fighting
  4160 | D:5      | Reached skill level 5 in Armour
  4255 | D:5      | Found a deep blue altar of Sif Muna.
  4567 | D:6      | Found an oddly glowing altar of Pakellas.
  4672 | D:6      | Reached **** piety under Lugonu
  4672 | D:6      | Reached skill level 6 in Armour
  4823 | D:6      | Noticed Crazy Yiuf
  4828 | D:6      | Killed Crazy Yiuf
  5382 | D:7      | Found a basalt altar of Yredelemnul.
  5390 | D:7      | Reached XP level 9. HP: 68/71 MP: 11/11
  5743 | D:7      | Reached skill level 7 in Armour
  5762 | D:7      | Found a staircase to the Ecumenical Temple.
  5823 | D:7      | Found a stormy altar of Qazlal.
  5935 | D:7      | Found a radiant altar of Vehumet.
  6029 | D:7      | Found a sacrificial altar of Ru.
  6032 | D:7      | Found a sparkling altar of Nemelex Xobeh.
  6288 | D:8      | Reached skill level 1 in Shields
  6519 | D:8      | Reached skill level 5 in Dodging
  6854 | D:8      | Reached ***** piety under Lugonu
  6856 | D:8      | Reached skill level 8 in Armour
  6857 | D:8      | Reached skill level 5 in Axes
  6887 | D:8      | Noticed a three-headed hydra
  6926 | D:8      | Killed a three-headed hydra
  6926 | D:8      | Gained mutation: You regenerate a little health from kills. [demonic ancestry]
  6926 | D:8      | Reached XP level 10. HP: 16/79 MP: 2/12
  7433 | D:9      | You fall through a shaft!
  7433 | D:10     | Entered Level 10 of the Dungeon
  7636 | D:9      | Reached skill level 9 in Armour
  7698 | D:9      | Gained mutation: Armour fits poorly on your strangely shaped body. [mutagenic meat]
  7699 | D:9      | Gained mutation: You are occasionally teleported next to monsters. [mutagenic meat]
  7700 | D:9      | Gained mutation: Scrolls take you a little longer to read. [mutagenic meat]
  7701 | D:9      | Gained mutation: Your muscles are strong. (Str +2) [mutagenic meat]
  7703 | D:9      | Lost mutation: Your muscles are strong. (Str +2) [mutagenic meat]
  7704 | D:9      | Gained mutation: Your flesh is cold resistant. [mutagenic meat]
  7706 | D:9      | Gained mutation: Your spells are a little harder to cast, but a little more powerful. [potion of beneficial mutation]
  8272 | D:10     | Noticed a spiny frog
  8275 | D:10     | Noticed a spiny frog
  8280 | D:10     | Killed a spiny frog
  8289 | D:10     | Killed a spiny frog
  8476 | D:10     | Found a staircase to the Lair.
  8581 | D:10     | Found a staircase to the Orcish Mines.
  8582 | D:10     | Noticed a gargoyle
  8608 | D:10     | Killed a gargoyle
  8608 | D:10     | Reached skill level 10 in Armour
  8608 | D:10     | Reached XP level 11. HP: 54/87 MP: 14/14
  8826 | D:10     | Gained mutation: You are frail (-10% HP). [mutagenic meat]
  8942 | D:10     | Noticed a hill giant
  8948 | D:10     | Killed a hill giant
  9178 | Lair:1   | Entered Level 1 of the Lair of Beasts
  9192 | Lair:1   | Found a frozen archway.
  9201 | IceCv    | Entered an ice cave
  9548 | IceCv    | Noticed baghtru's ghost (journeyman HOFi)
  9553 | IceCv    | HP: 1/79 [freezing wraith (6)]
  9559 | IceCv    | Slain by a freezing wraith

Skill      XL: |  1  2  3  4  5  6  7  8  9 10 11 |
---------------+----------------------------------+-----
Dodging        | 1 2 3 4 5 |  5.3
Axes           | 2 3 4 5 6 7 |  7.5
Armour         | 2 3 4 6 8 10 | 10.6
Throwing       | 1 3 |  3.6
Fighting       | 4 5 6 7 |  7.7
Stealth        | 1 2 |  2.3
Shields        | 2 4 |  4.5
Invocations    | 3 4 |  4.4
Polearms       | |  0.6

Action                   |  1- 3 |  4- 6 |  7- 9 | 10-12 || total
-------------------------+-------+-------+-------+-------++-------
Melee: Hand axe          |    66 |    55 |   177 |       ||   298
       Kick              |       |    13 |    24 |       ||    37
       War axe           |       |       |    41 |   266 ||   307
       Spear             |       |       |    16 |       ||    16
Throw: Javelin           |     3 |     8 |    20 |     2 ||    33
Invok: Depart the Abyss  |     1 |       |       |       ||     1
       Banish            |       |       |     3 |       ||     3
Evoke: Wand              |       |       |     1 |     2 ||     3
  Use: Scroll            |     1 |       |    15 |     2 ||    18
       Potion            |       |     3 |     8 |    12 ||    23
 Stab: Confused          |       |       |       |     2 ||     2
  Eat: Chunk             |     1 |     6 |     9 |    13 ||    29
       Fruit             |       |       |     3 |       ||     3
       Meat ration       |       |       |       |     1 ||     1
       Pizza             |       |       |       |     1 ||     1
Armor: Leather armour    |    21 |    15 |       |       ||    36
       Chain mail        |       |       |    79 |       ||    79
       Plate armour      |       |       |   126 |   293 ||   419
Dodge: Dodged            |    56 |    27 |    95 |   117 ||   295
Block: Buckler           |       |       |    67 |   120 ||   187
